 Dungeon Crawl Stone Soup version 0.31-a0-210-gccc998df9b (webtiles) character file.

Game seed: 14045204434439217507

37 qw the Shooter (level 3, -2/21 HPs)
             Began as a Gargoyle Hexslinger on June 29, 2023.
             Slain by a goblin
             ... wielding a +0 dagger
             ... led by Robin
              (5 damage)
             ... on level 2 of the Dungeon.
             The game lasted 00:00:24 (1003 turns).

qw the Shooter (Gargoyle Hexslinger)                Turns: 1003, Time: 00:00:24

Health: -2/21      AC:  5    Str: 11    XL:     3   Next: 41%
Magic:  4/4        EV: 12    Int: 13    God:
Gold:   51         SH:  0    Dex: 14    Spells: 3/4 levels left

rFire   . . .        Y - +1 sling
rCold   . . .        (no shield)
rNeg    + . .        c - +0 robe
rPois   inf          (no helmet)
rElec   +            (no cloak)
rCorr   .            (no gloves)
SInv    .            (no boots)
Will    .....        (no amulet)
Stlth   +            (no ring)
HPRegen 0.23/turn    (no ring)
MPRegen 0.09/turn

%: no passive effects
@: no status effects
A: sickness immunity, AC +3, negative energy resistance 1, electricity
resistance, torment resistance 1, petrification resistance
a: no special abilities


You were on level 2 of the Dungeon.
You visited 1 branch of the dungeon, and saw 2 of its levels.

You collected 51 gold pieces.


Innate Abilities, Weirdness & Mutations

You are immune to sickness and miasma.
Your stone body is resilient. (AC +3)
You are immune to poison.
You resist negative energy. (rN+)
You are resistant to electric shocks. (rElec)
You are resistant to unholy torment.
You are immune to petrification.


   Skills:
 - Level 2.0 Fighting
 + Level 3.3 Ranged Weapons
 - Level 1.5 Dodging
 - Level 1.0 Spellcasting
 - Level 2.6 Hexes


You had 3 spell levels left.
You knew the following spells:

 Your Spells              Type           Power      Damage    Failure   Level
a - Slow                  Hex            28%        N/A       10%         1

Your spell library contained the following spells:

 Spells                   Type           Power      Damage    Failure   Level
 Inner Flame              Hex/Fire       4%         N/A       43%         3
 Portal Projectile        Hex/Tloc       8%         N/A       43%         3
 Cause Fear               Hex            3%         N/A       67%         4

Inventory:

Hand Weapons
 Y - a +1 sling (weapon)
Armour
 c - a +0 robe (worn)
 j - a +0 leather armour
 k - a +0 ring mail
Jewellery
 a - an amulet of reflection
Scrolls
 e - a scroll of identify {unknown}
 i - a scroll of immolation {unknown}
Potions
 b - a potion of invisibility {unknown}
 d - a potion of lignification {unknown}
 f - a potion of brilliance {unknown}
 g - a potion of haste {unknown}
 h - a potion of enlightenment {unknown}

Dungeon Overview and Level Annotations

Branches:
Dungeon (2/15)

Altars:

Annotations:
D:2 Robin


Message History

You shoot a sling bullet. The sling bullet hits the goblin!
You kill the goblin!
The goblin closely misses you.
You shoot a sling bullet. The sling bullet hits the goblin.
You kill the goblin!
The goblin hits you but does no damage.
You shoot a sling bullet.
The sling bullet closely misses the goblin.
You shoot a sling bullet.
The sling bullet completely misses Robin.
The goblin hits you but does no damage. Robin closely misses you.
You shoot a sling bullet. The sling bullet hits Robin!
Robin is moderately wounded.
The goblin closely misses you. Robin throws the goblin at you!
You shoot a sling bullet. The sling bullet barely misses Robin.
The hobgoblin no longer looks unusually strong.
The goblin no longer looks unusually strong.
The goblin barely misses you. Robin hits you with a +0 short sword.
The hobgoblin closely misses you. The goblin hits you but does no damage.
You shoot a sling bullet. The sling bullet hits Robin.
Robin is severely wounded.
The hobgoblin hits you but does no damage.
The goblin hits you but does no damage.
Robin flexes a bicep menacingly.
Robin roars a battlecry!
The goblin goes into a battle-frenzy!
You shoot a sling bullet. The sling bullet barely misses Robin.
The hobgoblin closely misses you. The goblin hits you with a +0 dagger.
Robin hits you with a +0 short sword.
You shoot a sling bullet. The sling bullet barely misses Robin.
The hobgoblin no longer looks unusually strong.
The goblin no longer looks unusually strong.
The hobgoblin barely misses you. The goblin barely misses you.
Robin hits you with a +0 short sword.
You shoot a sling bullet.
The sling bullet hits Robin but does no damage.
Robin is severely wounded.
The hobgoblin no longer looks unusually strong.
The goblin hits you with a +0 dagger.
You die... #.# ####.# ..#.# #.#.# ...# .. ..###.... #ggggg...

#@# #g# #### #.#
...# #.# ...# #.#
...#############.#
............(....#
####################
###.#..............#


You could see Robin, 2 hobgoblins and 3 goblins.

Vanquished Creatures
  3 endoplasms
  2 giant cockroaches (D:1)
  4 hobgoblins
  5 kobolds (D:1)
  A quokka (D:2)
  A ball python (D:1)
  4 bats (D:1)
  2 frilled lizards (D:1)
  9 goblins
  2 rats (D:1)
33 creatures vanquished.

Notes
Turn   | Place    | Note
-------+----------+-------------------------------------------
     0 | D:1      | qw the Gargoyle Hexslinger began the quest for the Orb.
     0 | D:1      | Reached XP level 1. HP: 12/12 MP: 2/2
     0 | D:1      | 0 ||| qw: Version: 0.3-a-24-g62f9e04
     0 | D:1      | 0 ||| qw: Game counter: 6687
     0 | D:1      | 0 ||| qw: Melee chars always use a shield: true
     0 | D:1      | 0 ||| qw: God list: Okawaru
     0 | D:1      | 0 ||| qw: Allow faded altars: false
     0 | D:1      | 0 ||| qw: Do Orc after clearing Dungeon:15 true
     0 | D:1      | 0 ||| qw: Do second Lair branch before Depths: true
     0 | D:1      | 0 ||| qw: Lair rune preference: random
     0 | D:1      | 0 ||| qw: Goals: Normal
     0 | D:1      | 0 ||| PLANNING D:1-11
   155 | D:1      | Reached XP level 2. HP: 16/16 MP: 3/3
   295 | D:1      | Reached skill level 3 in Ranged Weapons
   508 | D:1      | Reached XP level 3. HP: 18/21 MP: 4/4
   752 | D:1      | 752 ||| READING scroll labelled HOLAZA WEONOEH.
   755 | D:1      | 755 ||| READING scroll labelled SUJIFF UNUS.
   756 | D:1      | 756 ||| READING scroll labelled XAAGIE TOIDU.
   757 | D:1      | 757 ||| DROPPING scroll of poison.
   986 | D:2      | Noticed Robin
  1002 | D:2      | HP: 3/21 [Robin/+0 short sword (4)]
  1003 | D:2      | Slain by a goblin

Levels and vault maps discovered:
D:1:      wander_arrival_desolate, layout_loops_cross, patterned_corridor
D:2:      layout_basic, uniq_jessica, uniq_robin

Skill      XL: |  1  2 |
---------------+-------+-----
Ranged Weapons | 3 |  3.3
Fighting       | 2 |  2.0
Dodging        | |  1.5
Spellcasting   | |  1.0
Hexes          | |  2.6

Action                     || total
---------------------------++-------
   Fire: Sling             ||   110
    Use: Scroll            ||     3
 Armour: Robe              ||    22
  Dodge: Dodged            ||    37

Table legend:
 A = Non-vault XP
 B = Vault XP
 C = Vault XP percentage of total XP
 D = Non-vault monster count
 E = Vault monster count
 F = Vault count percentage of total count
                 A         B        C        D         E       F
            +---------+---------+-------+---------+---------+-------
      Total |      42 |      12 |  22.2 |      27 |       6 |  18.2
            +---------+---------+-------+---------+---------+-------
        D:1 |      38 |       0 |   0.0 |      25 |       0 |   0.0
        D:2 |       4 |      12 |  75.0 |       2 |       6 |  75.0
            +---------+---------+-------+---------+---------+-------
